General information
- name: free andies
- type: Ladder 1vs1/FFA
- host: dnk.
- saver: Mata.
map: EchoIsles
- players: 3
- length: 10:18
- speed: Fast
- version: 1.24 W3XP
- replay type:

» download(74 KB)
Players
team 1 (winner)
dnk. (
green | 136 APM | 1405 actions | 10:18)
2 Blademaster
1 Wind Walk
1 Critical Strike
2 Shadow Hunter
1 Healing Wave
1 Hex
» actions
| Assign group hotkey | 8 | |
| Basic commands | 16 | |
| Build / train | 35 | |
| ESC pressed | 2 | |
| Enter build submenu | 15 | |
| Enter hero's abilities submenu | 4 | |
| Right click | 814 | |
| Select / deselect | 259 | |
| Select group hotkey | 204 | |
| Use ability | 48 | |
1405 total
» units
| Peon | 9 | |
| Grunt | 6 | |
| Spirit Walker | 1 | |
16 total
» buildings
| Altar of Storms | 1 | |
| Orc Burrow | 4 | |
| Voodoo Lounge | 2 | |
| Barracks | 1 | |
| Stronghold | 2 | |
| War Mill | 1 | |
| Spirit Lodge | 1 | |
| Beastiary | 2 | |
14 total
» build order
00:05 Altar of Storms
00:15 Orc Burrow
00:49 Voodoo Lounge
01:22 Barracks
01:40 Orc Burrow
03:01 Stronghold
03:01 Stronghold
04:35 Orc Burrow
04:40 Voodoo Lounge
04:58 War Mill
06:19 Spirit Lodge
06:49 Orc Burrow
07:15 Beastiary
09:25 Beastiary
» items
| Healing Salve | 4 | |
| Lesser Clarity Potion | 2 | |
| Scroll of Speed | 1 | |
| Boots of Speed | 2 | |
| Potion of Healing | 1 | |
| Scroll of Town Portal | 1 | |
11 total
team 2 (loser)
ilosetodminus (
gray | 195 APM | 2009 actions | 10:18)
2 Far Seer
1 Feral Spirit
1 Chain Lighting
2 Shadow Hunter
1 Hex
1 Healing Wave
» actions
| Assign group hotkey | 23 | |
| Basic commands | 49 | |
| Build / train | 32 | |
| ESC pressed | 1 | |
| Enter build submenu | 11 | |
| Enter hero's abilities submenu | 4 | |
| Right click | 937 | |
| Select / deselect | 206 | |
| Select group hotkey | 700 | |
| Use ability | 46 | |
2009 total
» units
» upgrades
| Ensnare | 1 | |
| Berserker Strength | 1 | |
| Pillage | 1 | |
3 total
» buildings
| Altar of Storms | 1 | |
| Orc Burrow | 5 | |
| Barracks | 1 | |
| Voodoo Lounge | 1 | |
| Stronghold | 1 | |
| Beastiary | 2 | |
11 total
» build order
00:05 Altar of Storms
00:12 Orc Burrow
00:46 Barracks
01:26 Orc Burrow
02:20 Voodoo Lounge
03:01 Stronghold
04:42 Orc Burrow
04:53 Orc Burrow
05:27 Beastiary
05:37 Beastiary
10:15 Orc Burrow
» items
| Scroll of Speed | 1 | |
| Healing Salve | 1 | |
2 total
refereesMata. Chat log
(00:09 / All) ilosetodminus: gl d
(00:09 / All) ilosetodminus: s
(00:10 / All) ilosetodminus: ds
(00:20 / All) ilosetodminus: early burrow woops
(00:21 / All) dnk.: e t a
(00:27 / All) ilosetodminus: i commentate this game
(00:39 / Referees) ilosetodminus: i send to obs
(00:40 / All) dnk.: we should get a gay ref bot
(00:41 / Referees) ilosetodminus: obs commentate
(00:51 / Referees) ilosetodminus: woops im big noob
(00:53 / Referees) ilosetodminus: made late barracks
(00:56 / Referees) ilosetodminus: because i was settin dis up
(01:04 / Referees) ilosetodminus: ]gonna try my new strat
(01:06 / Referees) ilosetodminus: fs fast tech
(01:16 / Referees) ilosetodminus: gonna forget to build peons too woops
(01:18 / Referees) ilosetodminus: wait i lied
(01:19 / Referees) ilosetodminus: i made a rax
(01:21 / Referees) ilosetodminus: fvck
(01:24 / All) dnk.: wops
(01:36 / All) ilosetodminus: its cool you didnt butcher anything half as bad as i did
(01:50 / All) dnk.: "having ZERO lag is actually really werid
(01:54 / All) Mata.: saving this 1 for the obs chat
(02:08 / Referees) ilosetodminus: ye
(02:10 / Referees) ilosetodminus: gonna see whats up
(02:16 / Referees) ilosetodminus: watch my shop placement
(02:17 / Referees) ilosetodminus: this is good i think
(02:55 / Referees) ilosetodminus: thje ficl
(02:56 / Referees) ilosetodminus: fuck
(03:07 / All) dnk.: lol
(03:10 / All) ilosetodminus: nice hack
(04:47 / Referees) ilosetodminus: noobed this game so hard
(04:48 / Referees) ilosetodminus: lmao
(09:52 / All) dnk.: FCIUJ
(10:07 / All) dnk.: lol
(10:15 / All) dnk.: gg
(10:16 / All) dnk.: re
(10:17 / Referees) ilosetodminus: gg
(10:18 / All) dnk.: same gn
(10:18 / All) ilosetodminus: gg